 Dungeon Crawl Stone Soup version 0.19.4 (webtiles) character file.

8852 Jerry the Basher (level 11, -9/119 HPs)
             Began as an Ogre Gladiator on Jan 30, 2017.
             Was an Elder of Okawaru.
             Mangled by Sonja
             ... wielding a +1 short sword of distortion
              (22 damage)
             ... on level 10 of the Dungeon.
             The game lasted 00:42:40 (14044 turns).

Jerry the Basher (Ogre Gladiator)                  Turns: 14044, Time: 00:42:41

Health: -9/119     AC:  4    Str: 24    XL:     11   Next: 37%
Magic:  12/13      EV: 16    Int:  7    God:    Okawaru [****..]
Gold:   366        SH:  0    Dex: 13    Spells: 2 memorised, 8 levels left

rFire  . . .     SeeInvis .     N - +1 whip (elec)
rCold  . . .     Gourm    +     b - +0 robe
rNeg   . . .     Faith    .     (no shield)
rPois  .         Spirit   .     c - +1 hat
rElec  .         Reflect  .     (no cloak)
rCorr  .         Harm     .     (gloves unavailable)
MR     ++...     Clarity  +     (boots unavailable)
Stlth  ++........               B - amulet of the gourmand
                                y - +2 ring of strength
                                j - ring of protection from magic

@: lethally poisoned (-9 -> -14), heroism, slowed, drained, very slow
A: unfitting armour, hooves 1, blurry vision 1, clarity, tough skin 1, sturdy
frame 1
a: Heroism, Renounce Religion


You were on level 10 of the Dungeon.
You worshipped Okawaru.
Okawaru was greatly pleased with you.
You were completely stuffed.

You visited 2 branches of the dungeon, and saw 11 of its levels.

You collected 484 gold pieces.
You spent 118 gold pieces at shops.

Inventory:

Hand Weapons
 u - a +0 morningstar of venom
 N - a +1 whip of electrocution (weapon)
 O - a +0 giant spiked club
Missiles
 d - a throwing net (quivered)
 m - 3 large rocks
 F - 2 poisoned tomahawks
Armour
 b - a +0 robe (worn)
 c - a +1 hat (worn)
Jewellery
 j - a ring of protection from magic (left hand)
 v - an uncursed ring of wizardry
 y - a +2 ring of strength (right hand)
 B - an amulet of the gourmand (around neck)
 H - an uncursed amulet of guardian spirit
 I - an uncursed ring of flight
Wands
 w - a wand of heal wounds (2/9)
Scrolls
 a - a scroll of vulnerability {unknown}
 e - 4 scrolls of teleportation
 i - 4 scrolls of identify
 k - 7 scrolls of remove curse
 o - 4 scrolls of amnesia
 A - 3 scrolls of immolation
 D - a scroll of fog
 M - 3 scrolls of enchant armour
Potions
 h - 4 potions of curing
 n - 2 potions of brilliance
 q - 4 potions of flight
 r - 2 potions of lignification {unknown}
 t - 3 potions of might {unknown}
 x - a potion of cure mutation {unknown}
 z - a potion of magic
 C - 2 potions of heal wounds {unknown}
 E - 2 potions of invisibility {unknown}
 G - 2 potions of resistance {unknown}
 K - a potion of haste {unknown}
Books
 J - the Grimoire of Confrontation
   (You found it on level 9 of the Dungeon)

   Spells                             Type                      Level
   a - Throw Flame                    Conjuration/Fire             2
   b - Conjure Flame                  Conjuration/Fire             3
   c - Bolt of Magma                  Conjuration/Fire/Earth       5
   d - Freezing Cloud                 Conjuration/Ice/Air          6
 L - a book of Cantrips

   Spells                             Type                      Level
   a - Confusing Touch                Hexes                        1
   b - Animate Skeleton               Necromancy                   1
   c - Summon Small Mammal            Summoning                    1
   d - Apportation                    Translocation                1
Comestibles
 f - 9 bread rations
 g - a slice of pizza
 l - a beef jerky
 p - 16 fruits
 s - 3 meat rations
 P - 11 chunks of flesh


   Skills:
 + Level 10.8(14.5) Fighting
 + Level 13.8(17.3) Maces & Flails
 - Level 2.0(5.9) Throwing
 + Level 6.4(10.2) Armour
 - Level 7.1(10.9) Dodging
 + Level 3.8(2.8) Invocations


You had 8 spell levels left.
You knew the following spells:

 Your Spells              Type           Power        Failure   Level  Hunger
a - Animate Skeleton      Necr           N/A          47%         1    ##.....
b - Apportation           Tloc           #.........   47%         1    ##.....


Dungeon Overview and Level Annotations

Branches:
Dungeon (10/15)            Temple (1/1) D:4            Lair (0/6) D:8
    Orc: D:9-12

Altars:
Ashenzari
Cheibriados
Dithmenos
Elyvilon
Fedhas
Gozag
Hepliaklqana
Kikubaaqudgha
Makhleb
Nemelex Xobeh
Okawaru
Qazlal
Ru
Sif Muna
Trog
Uskayaw
Vehumet
Xom
Yredelemnul
Zin
The Shining One

Shops:
D:4 ((*?   D:7 (

Annotations:
D:9 2 runed doors
D:10 Sonja


Innate Abilities, Weirdness & Mutations

You are too large for most types of armour.
You have tough skin. (AC +1)
You have large cloven feet.
Scrolls take you a little longer to read.
You possess an exceptional clarity of mind.
Your movements are slightly less encumbered by armour. (ER -2)


Message History

Space bends around you. Sonja completely misses you.
Really read with blurry vision while enemies are nearby?
You feel sick. Sonja hits you but does no damage.
Space warps horribly around you!
* * * LOW HITPOINT WARNING * * *
Sonja closely misses you. x2
You begin reading the scroll.
You continue reading the scroll.
You feel sick.
Sonja hits you with an uncursed short sword of distortion!
* * * LOW HITPOINT WARNING * * *
Space bends around you.
* * * LOW HITPOINT WARNING * * *
Sonja hits you with an uncursed short sword of distortion.
* * * LOW HITPOINT WARNING * * *
Space bends around you.
* * * LOW HITPOINT WARNING * * *
Sonja hits you with an uncursed short sword of distortion!
* * * LOW HITPOINT WARNING * * *
Space warps horribly around you!
You die...

#. ######### #####.
........### #.....
#######...#############
#.###<
#.................... #.
###...[.......#.#######
..
.....##.####.###.########
### ###.# #[)...##
##........ #.#
#)####.###@#######. ..#
#.# #.# #K## #.# #.# #.#
#.#...# ..##.#
###.###.######. ....#
#.##.# )..............
....... #.##.#
###.#.(........ ..?..#.
#.##.# #.#.########.
....... #.#... #.#.### #.
.....#. #.#..# #...).# #.
...... #.#..#


You could see Sonja.

Vanquished Creatures
  The ghost of Naow the Infuser, a novice DECj of Vehumet (D:10)
  A hill giant (D:10)
  Pikel (D:9)
  A two-headed ogre (D:7)
  Grinder (D:4)
  3 hippogriffs
  Sigmund (D:6)
  6 yaks
  4 porcupines
  2 slaves (D:9)
  A black bear (D:7)
  4 orc warriors
  4 sky beasts
  A necrophage (D:9)
  3 ogres
  A phantom (D:9)
  4 centaurs
  4 crocodiles
  12 bullfrogs
  A big kobold (D:8)
  3 scorpions
  5 wights (D:10)
  4 killer bees (D:9)
  8 crimson imps
  2 howler monkeys (D:6)
  A quasit (D:4)
  2 jellies
  6 orc priests
  3 hounds
  6 iguanas
  6 orc wizards
  2 centaur skeletons
  6 worker ants
  Natasha (D:4)
  A hound skeleton (D:8)
  12 adders
  3 gnolls (D:4)
  A river rat (D:8)
  4 shadow imps
  An ooze (D:2)
  2 adder zombies
  3 adder skeletons
  5 worms
  3 dart slugs
  4 leopard geckos
  41 orcs
  2 ball pythons
  7 giant cockroaches
  7 goblins
  6 hobgoblins
  2 jackals (D:3)
  3 quokkas
  14 bats
  6 frilled lizards
  A jackal skeleton (D:4)
  17 kobolds
  A quokka skeleton (D:6)
  9 rats
266 creatures vanquished.

Vanquished Creatures (others)
  2 fungi (D:8)
  3 plants (D:8)
5 creatures vanquished.

Grand Total: 271 creatures vanquished

Notes
Turn   | Place    | Note
-------+----------+-------------------------------------------
     0 | D:1      | Jerry the Ogre Gladiator began the quest for the Orb.
     0 | D:1      | Reached XP level 1. HP: 22/22 MP: 1/1
     2 | D:1      | Noticed a troll
     4 | D:1      | Noticed a demigod
     4 | D:1      | Noticed a spriggan
     6 | D:1      | Noticed an ogre
     6 | D:1      | Noticed a minotaur
     8 | D:1      | Noticed a naga
    10 | D:1      | Noticed a merfolk
    10 | D:1      | Noticed a centaur
    12 | D:1      | Noticed a demonspawn
    14 | D:1      | Noticed a tengu
    14 | D:1      | Noticed an octopode
    16 | D:1      | Noticed a draconian
    18 | D:1      | Noticed a ghoul
    18 | D:1      | Noticed a vine stalker
    20 | D:1      | Noticed a halfling
    20 | D:1      | Noticed a felid
    22 | D:1      | Noticed an elf
    22 | D:1      | Noticed a gargoyle
    24 | D:1      | Noticed a formicid
    24 | D:1      | Noticed a vampire
    26 | D:1      | Noticed a human
    26 | D:1      | Noticed a dwarf
   177 | D:1      | Reached XP level 2. HP: 27/29 MP: 2/2
   801 | D:1      | Reached XP level 3. HP: 36/37 MP: 3/3
  1024 | D:2      | Found an ancient bone altar of Kikubaaqudgha.
  1579 | D:2      | Reached skill level 5 in Maces & Flails
  1644 | D:2      | Found an opulent altar of Gozag.
  1778 | D:2      | Found a deep blue altar of Sif Muna.
  2142 | D:2      | Reached XP level 4. HP: 31/45 MP: 4/4
  2592 | D:2      | Reached skill level 1 in Armour
  3145 | D:3      | Reached XP level 5. HP: 53/54 MP: 5/5
  3315 | D:3      | HP: 2/54 [hound (5)]
  3715 | D:3      | Found a burning altar of Makhleb.
  4417 | D:4      | Found a staircase to the Ecumenical Temple.
  4434 | D:4      | Reached XP level 6. HP: 63/63 MP: 6/6
  4457 | Temple   | Entered the Ecumenical Temple
  4577 | Temple   | Became a worshipper of Warmaster Okawaru
  4635 | D:4      | Found a white marble altar of Elyvilon.
  4722 | D:4      | Reached skill level 6 in Maces & Flails
  4730 | D:4      | Found Pixzy's Weapon Boutique.
  4838 | D:4      | Found Oczuul's Armour Shoppe.
  4845 | D:4      | Found Terad's Assorted Antiques.
  4858 | D:4      | Bought a viscous red potion for 20 gold pieces
  4858 | D:4      | Bought a fizzy coppery potion for 20 gold pieces
  4858 | D:4      | Bought a scroll labeled PIWALOURYMM for 23 gold pieces
  4981 | D:4      | Found Jisunat's Magic Scroll Shoppe.
  4987 | D:4      | Bought a scroll of identify for 20 gold pieces
  4987 | D:4      | Bought a scroll of immolation for 35 gold pieces
  5120 | D:4      | Noticed Natasha
  5125 | D:4      | Killed Natasha
  5125 | D:4      | Reached skill level 5 in Fighting
  5158 | D:4      | Found Laryt's Weapon Boutique.
  5160 | D:4      | Noticed Grinder
  5162 | D:4      | Paralysed by Grinder for 6 turns
  5187 | D:4      | Paralysed by Grinder for 4 turns
  5196 | D:4      | Killed Grinder
  5196 | D:4      | Reached XP level 7. HP: 19/72 MP: 7/7
  5490 | D:5      | Entered Level 5 of the Dungeon
  5495 | D:5      | Reached skill level 7 in Maces & Flails
  5577 | D:5      | Reached * piety under Okawaru
  5687 | D:5      | Found a bloodstained altar of Trog.
  5796 | D:5      | Found a hazy altar of Hepliaklqana.
  5919 | D:5      | Reached XP level 8. HP: 57/83 MP: 8/8
  6090 | D:6      | Noticed Sigmund
  6091 | D:6      | Reached skill level 8 in Maces & Flails
  6099 | D:6      | Killed Sigmund
  6099 | D:6      | Reached ** piety under Okawaru
  6343 | D:6      | Reached skill level 5 in Dodging
  6389 | D:6      | Reached skill level 9 in Maces & Flails
  6662 | D:6      | Found a sacrificial altar of Ru.
  6690 | D:6      | Found an ancient bone altar of Kikubaaqudgha.
  7040 | D:6      | Found a blossoming altar of Fedhas.
  7425 | D:7      | Reached *** piety under Okawaru
  7425 | D:7      | Reached XP level 9. HP: 79/93 MP: 9/9
  7558 | D:7      | Reached skill level 10 in Maces & Flails
  7996 | D:7      | Found a shadowy altar of Dithmenos.
  8132 | D:7      | Noticed a two-headed ogre
  8322 | D:7      | Found Jiemn's Weapon Emporium.
  8365 | D:7      | Killed a two-headed ogre
  8365 | D:7      | Reached **** piety under Okawaru
  8670 | D:7      | Reached skill level 11 in Maces & Flails
  9073 | D:7      | Gained mutation: Your movements are slightly less encumbered by armour. (ER -2) [mutagenic meat]
  9074 | D:7      | Gained mutation: You possess an exceptional clarity of mind. [mutagenic meat]
  9075 | D:7      | Gained mutation: You have large cloven feet. [mutagenic meat]
  9076 | D:7      | Gained mutation: Scrolls take you a little longer to read. [mutagenic meat]
  9149 | D:7      | Reached skill level 5 in Armour
  9149 | D:7      | Reached XP level 10. HP: 91/106 MP: 10/10
  9763 | D:7      | Reached skill level 12 in Maces & Flails
 10334 | D:8      | Found a staircase to the Lair.
 10343 | D:8      | Reached ***** piety under Okawaru
 10828 | D:8      | Received a gift from Okawaru
 11172 | D:9      | Found a large runed door.
 11173 | D:9      | Found a large runed door.
 11183 | D:9      | Found a basalt altar of Yredelemnul.
 11185 | D:9      | Found a sparkling altar of Nemelex Xobeh.
 11185 | D:9      | Noticed a cyclops
 11626 | D:9      | Reached skill level 13 in Maces & Flails
 11632 | D:9      | Received a gift from Okawaru
 12125 | D:9      | Received a gift from Okawaru
 12149 | D:9      | Identified the Grimoire of Confrontation
 12208 | D:9      | Learned a level 1 spell: Animate Skeleton
 12210 | D:9      | Learned a level 1 spell: Apportation
 12233 | D:9      | Reached skill level 1 in Invocations
 12599 | D:9      | Noticed Pikel
 12607 | D:9      | Killed Pikel
 12607 | D:9      | Received a gift from Okawaru
 12607 | D:9      | Reached skill level 10 in Fighting
 12607 | D:9      | Reached XP level 11. HP: 117/117 MP: 3/12
 12760 | D:10     | Entered Level 10 of the Dungeon
 12813 | D:10     | HP: 3/119 [wight/enchanted trident (3)]
 13388 | D:10     | Noticed Naow's ghost (novice DECj)
 13406 | D:10     | Killed Naow's ghost
 13928 | D:10     | Noticed a hill giant
 13938 | D:10     | Killed a hill giant
 13938 | D:10     | Received a gift from Okawaru
 14033 | D:10     | Noticed Sonja
 14044 | D:10     | Mangled by Sonja

Skill      XL: |  1  2  3  4  5  6  7  8  9 10 11 |
---------------+----------------------------------+-----
Fighting       | 3 4 5 6 7 8 10 | 10.8
Dodging        | 3 4 5 6 7 |  7.1
Maces & Flails | 5 6 7 9 11 13 | 13.8
Armour         | 1 2 3 5 6 |  6.4
Invocations    | 2 3 |  3.8
Throwing       | |  2.0

Action                   |  1- 3 |  4- 6 |  7- 9 | 10-12 || total
-------------------------+-------+-------+-------+-------++-------
Melee: Flail             |   153 |    32 |       |       ||   185
       Whip              |       |   139 |       |    86 ||   225
       Morningstar       |       |    68 |   230 |   324 ||   622
       Kick              |       |       |     1 |   138 ||   139
Throw: Throwing net      |       |       |     2 |     1 ||     3
Invok: Heroism           |       |       |     1 |    10 ||    11
       Finesse           |       |       |       |     2 ||     2
Evoke: Wand              |       |     2 |       |       ||     2
  Use: Scroll            |       |    11 |     8 |       ||    19
 Stab: Sleeping          |       |     1 |       |       ||     1
       Held in net/web   |       |       |     1 |       ||     1
       Distracted        |       |       |     1 |       ||     1
  Eat: Chunk             |     4 |    10 |    28 |    17 ||    59
Armor: Robe              |    71 |    90 |    42 |    36 ||   239
Dodge: Dodged            |   105 |   164 |   129 |   209 ||   607
